 Dungeon Crawl Stone Soup version 0.22-a0-32-ga749362 (webtiles) character file.

216982 mortelune the Earth Mage (level 18, -9/168 HPs)
             Began as a Deep Dwarf Earth Elementalist on Jan 3, 2018.
             Was the Champion of Makhleb.
             Mangled by an Executioner (21 damage)
             ... summoned by the player character
             ... on level 3 of the Abyss.
             The game lasted 04:37:34 (49063 turns).

mortelune the Earth Mage (DDEE)                    Turns: 49063, Time: 04:37:35

Health: -9/168     AC: 14    Str: 15      XL:     18   Next: 37%
Magic:  27/27      EV: 16    Int: 23      God:    Makhleb [******]
Gold:   476        SH:  5    Dex: 16 (18) Spells: 8/39 levels left

rFire    + . .     SeeInvis .   B - +6 battleaxe of Moagiv {flame, rF+ rC- Str+2 Dex+2}
rCold    . . .     Gourm    .   (shield currently unavailable)
rNeg     + . .     Faith    .   X - +0 ice dragon scales
rPois    +         Spirit   .   O - +1 hat
rElec    +         Reflect  +   C - +0 cloak {rPois}
rCorr    .         Harm     .   K - +0 pair of fencer's gloves {+Riposte Dex+3}
MR       ++...                  x - +0 pair of boots
Stlth    +.........             G - +5 amulet of reflection
HPRegen  0.00/turn              o - ring "Kuddi" {rElec MP+9}
MPRegen  0.20/turn              t - ring of fire

@: non-regenerating
A: damage resistance, heal wounds, horns 1, blurry vision 2, deformed body,
negative energy resistance 1, sense surroundings 3, MP-powered wands, no
regeneration
}: 1/15 runes: serpentine
a: Heal Wounds, Minor Destruction, Lesser Servant of Makhleb, Major Destruction,
Greater Servant of Makhleb, Renounce Religion


You were on level 3 of the Abyss.
You worshipped Makhleb.
Makhleb was exalted by your worship.
You were not hungry.

You visited 8 branches of the dungeon, and saw 31 of its levels.
You visited the Abyss 2 times.
You also visited: Ice Cave.

You collected 2814 gold pieces.
You spent 2338 gold pieces at shops.

Inventory:

Hand Weapons
 j - a +6 eveningstar of flaming
 B - the +6 battleaxe of Moagiv (weapon) {flame, rF+ rC- Str+2 Dex+2}
   (You found it on level 13 of the Dungeon)

   It has been specially enchanted to burn those struck by it, causing extra
   injury to most foes and up to half again as much damage against particularly
   susceptible opponents.
   Big, fiery blades are also staple armaments of hydra-hunters.
   It affects your strength (+2).
   It affects your dexterity (+2).
   It protects you from fire.
   It makes you vulnerable to cold.
Missiles
 b - 115 stones (quivered)
Armour
 x - a +0 pair of boots (worn)
 C - a +0 cloak of poison resistance (worn)
 K - the +0 pair of fencer's gloves (worn) {+Riposte Dex+3}
   (You acquired it on level 12 of the Dungeon)

   It affects your dexterity (+3).
 O - a +1 hat (worn)
 X - +0 ice dragon scales (worn)
Magical Staves
 Y - an uncursed staff of earth
Jewellery
 n - an uncursed ring of wizardry
 o - the ring "Kuddi" (left hand) {rElec MP+9}
   (You bought it in a shop on level 1 of the Orcish Mines)

   [ring of magical power]

   It insulates you from electricity.
   It affects your magic capacity (+9).
 q - an uncursed ring of magical power
 t - a ring of fire (right hand)
 G - a +5 amulet of reflection (around neck)
Wands
 c - a wand of iceblast (40)
 l - a wand of acid (14)
 y - a wand of digging (24)
 A - a wand of disintegration (5)
 E - a wand of flame (32)
 R - a wand of paralysis (2)
 U - a wand of clouds (6)
Scrolls
 g - a scroll of vulnerability {unknown}
 i - 3 scrolls of enchant armour
 p - 3 scrolls of immolation
 r - 5 scrolls of amnesia
 u - 10 scrolls of remove curse
 w - 6 scrolls of teleportation
 D - a scroll of summoning
 H - 5 scrolls of enchant weapon
 I - 5 scrolls of blinking
 J - a scroll of magic mapping
 P - 6 scrolls of fear
 Q - 3 scrolls of identify
 T - 4 scrolls of fog
Potions
 a - 3 potions of magic
 e - 5 potions of lignification
 f - 4 potions of curing
 h - 3 potions of brilliance
 k - 2 potions of mutation
 m - 7 potions of agility
 v - a potion of invisibility
 L - a potion of berserk rage
 M - 4 potions of might
 N - a potion of resistance
 S - a potion of haste
 V - a potion of ambrosia
 Z - 6 potions of flight
Books
 F - a book of Battle

   Spells                             Type                      Level
   a - Infusion                       Charms                       1
   b - Shroud of Golubria             Charms/Translocation         2
   c - Song of Slaying                Charms                       2
   d - Spectral Weapon                Hexes/Charms                 3
   e - Regeneration                   Charms/Necromancy            3
Comestibles
 d - 3 rations


   Skills:
 + Level 11.8 Fighting
 + Level 10.7 Axes
 + Level 10.4 Armour
 - Level 11.0 Dodging
 - Level 2.4 Stealth
   Level 7.7 Shields
 + Level 11.1 Spellcasting
 + Level 9.9 Conjurations
 - Level 10.6 Necromancy
 * Level 9.1 Translocations
   Level 0.8 Transmutations
 + Level 18.2 Earth Magic
 - Level 10.2 Invocations


You had 8 spell levels left.
You knew the following spells:

 Your Spells              Type           Power        Failure   Level  Hunger
a - Sandblast             Erth           ######       0%          1    None
b - Stone Arrow           Conj/Erth      ######       1%          3    None
c - Lee's Rapid Deconstr  Erth           #######...   1%          5    ####...
d - Passage of Golubria   Tloc           N/A          4%          4    None
e - Vampiric Draining     Necr           ######....   1%          3    None
f - Iron Shot             Conj/Erth      ######....   9%          6    #####..
q - Borgnjor's Vile Clut  Necr/Erth      ######....   1%          5    ####...
s - Animate Dead          Necr           N/A          2%          4    None


Dungeon Overview and Level Annotations

Branches:
Dungeon (15/15)            Temple (1/1) D:5            Lair (6/6) D:8
 Shoals (1/4) Lair:3        Snake (4/4) Lair:2        Slime (0/5) Lair:5
    Orc (2/2) D:12            Elf (1/3) Orc:2        Vaults (1/5) D:13
 Depths (0/5) D:15

Altars:
Ashenzari
Cheibriados
Dithmenos
Elyvilon
Fedhas
Gozag
Hepliaklqana
Kikubaaqudgha
Makhleb
Nemelex Xobeh
Qazlal
Sif Muna
Trog
Uskayaw
Vehumet
Wu Jian
Xom
Yredelemnul
Zin
The Shining One
Beogh
Jiyva

Shops:
Orc:1 =   Orc:2 :[*(   Elf:1 %

Annotations:
D:3 exclusion: upstairs, Robin
Lair:3 exclusion: 2 oklob plants
Elf:1 Asterion


Innate Abilities, Weirdness & Mutations

You are resistant to damage.
You can heal yourself by infusing magical energy.
You resist negative energy. (rN+)
You passively map a large area around you.
You do not regenerate.
You have a pair of small horns on your head.
Scrolls take you longer to read.
Armour fits poorly on your strangely shaped body.
You expend magic power (3 MP) to strengthen your wands.


Message History

The Executioner looks as sick as possible!
The Executioner hits your green death!
The Executioner closely misses your green death.
The Executioner barely misses your green death.
The Executioner hits your green death!!
Your green death dies!
The green draconian breathes poison at you.
The blast of poison misses you. The smoke demon gestures at you.
Something smites you!
* * * LOW HITPOINT WARNING * * *
Your magical essence is drained by the effort!
You feel much better. The Executioner hits you!
* * * LOW HITPOINT WARNING * * *
The Executioner completely misses you.
The Executioner hits you but does no damage.
You block the Executioner's attack.
The Executioner hits you but does no damage. x2
The Executioner hits you!!
You die...

#...##.# # ...
.. .. ...##.
3. ## .
..###.. .# .##
. #.# ##.# #
#..#.# . #
#§####....# ..
##§§#...2.# .
##§§.3..#.....
#§1#§##...2...
#.@#....#.#...
#..........#..
##..#..####.#.
..#....# ##
.#....... ###
...##.. . .. #
...#.


You could see an Executioner.

Vanquished Creatures
  Jorgrun (Snake:3)
  A tentacled starspawn (Abyss:2)
  An Executioner (Abyss:3)
  Gastronok (Lair:1)
  Roxanne (Snake:1)
  A deep elf sorcerer (Vaults:1)
  5 nagarajas (Snake:4)
  An orc warlord (Orc:2)
  2 vault wardens (Vaults:1)
  3 ironheart preservers (Vaults:1)
  3 very ugly things (Abyss:3)
  A fire dragon (D:15)
  A yaktaur captain (Vaults:1)
  8 hydras
  Harold (D:10)
  A great orb of eyes (Vaults:1)
  A catoblepas (Lair:4)
  A merfolk avatar (Lair:6)
  7 naga warriors
  An ogre mage (Vaults:1)
  13 anacondas
  4 centaur warriors
  17 two-headed ogres
  Erica (D:8)
  An ice dragon (D:15)
  A death knight (Abyss:2)
  An orc high priest (Orc:2)
  5 death yaks
  7 naga sharpshooters
  A deep troll earth mage (Vaults:1)
  5 thrashing horrors (Abyss:2)
  A deep elf knight (Vaults:1)
  2 wretched stars (Abyss:2)
  6 shock serpents
  8 skeletal warriors
  4 unseen horrors
  A wizard (D:14)
  4 sea snakes
  7 naga ritualists
  2 deep elf archers (Vaults:1)
  3 ironbrand convokers (Vaults:1)
  Pikel (D:8)
  10 mana vipers
  4 deep trolls (Vaults:1)
  A necromancer (D:13)
  3 wolf spiders (Vaults:1)
  7 orc knights
  14 ugly things
  6 salamanders
  5 orc sorcerers (Orc:2)
  4 cyclopes
  7 deep elf magi
  A black mamba (shapeshifter) (Vaults:1)
  A worldbinder (Abyss:3)
  A centaur zombie (D:12)
  A manticore (Lair:3)
  2 fauns (Shoals:1)
  11 elephants
  27 black mambas
  A vault sentinel (Vaults:1)
  11 naga magi
  2 smoke demons (Abyss:2)
  6 gargoyles
  3 ice statues (IceCv)
  7 spiny frogs
  An efreet (D:14)
  4 yaktaurs
  3 komodo dragons
  A freezing wraith (Abyss:2)
  A yaktaur (shapeshifter) (D:12)
  2 rime drakes
  3 ancient zymes (Abyss:2)
  4 trolls
  3 polar bears
  A hornet (D:11)
  14 blink frogs
  10 raiju
  A wind drake (Lair:6)
  2 merfolk (Shoals:1)
  30 slime creatures
  Prince Ribbit (D:8)
  An ice dragon zombie (Abyss:2)
  9 hippogriffs
  2 meliai zombies
  Grinder (D:3)
  12 large abominations
  A shadow (Abyss:2)
  3 wyverns
  27 yaks
  3 vampires
  2 basilisks
  5 hungry ghosts
  7 wraiths
  A fire bat (Abyss:3)
  A golden eye (Abyss:2)
  Eustachio (D:9)
  3 chaos spawn (Abyss:2)
  6 vampire mosquitoes
  2 neqoxecs
  A two-headed ogre zombie (D:15)
  35 nagas
  A soldier ant (D:12)
  7 wargs
  2 acid dragons
  12 water moccasins
  2 hell hounds
  6 porcupines
  2 slaves (D:8)
  24 orc warriors
  8 ice beasts
  5 sky beasts
  3 phantoms
  3 black bears
  12 ogres
  4 eyes of draining
  An eye of draining (shapeshifter) (D:15)
  5 necrophages
  19 starcursed masses
  16 centaurs
  A wolf (Lair:4)
  10 crocodiles
  A centaur (shapeshifter) (D:12)
  14 bullfrogs
  An elf zombie (D:9)
  4 small abominations
  A wyvern zombie (D:14)
  A gnoll sergeant (D:9)
  An elf skeleton (D:9)
  7 scorpions
  2 wyvern skeletons
  A troll zombie (D:12)
  10 killer bees
  10 wights
  3 howler monkeys (D:14)
  5 electric eels
  5 crimson imps
  3 human zombies (D:9)
  3 bullfrog zombies
  4 quasits
  9 hounds
  A human simulacrum (Vaults:1)
  5 jellies
  2 bullfrog skeletons
  7 centaur skeletons
  15 orc priests
  18 orc wizards
  An iron imp (Abyss:2)
  Terence (D:2)
  11 worker ants
  4 iguanas
  A human skeleton (D:9)
  5 ogre zombies (D:12)
  A hound zombie (D:5)
  A howler monkey zombie (D:9)
  2 mummies (D:9)
  8 gnolls
  A howler monkey skeleton (D:11)
  8 adders
  3 shadow imps
  9 white imps (Lair:3)
  2 ufetubi (Abyss:2)
  7 oozes
  3 adder skeletons
  A worm (D:2)
  5 dart slugs
  5 leopard geckos
  86 orcs
  9 bats
  3 giant cockroaches
  7 hobgoblins
  4 jackals (D:8)
  6 kobolds
  8 quokkas
  6 frilled lizards
  12 goblins
  2 goblin zombies (D:12)
  2 hobgoblin skeletons (D:12)
  2 jackal skeletons (D:4)
  3 leopard gecko skeletons
  3 orc skeletons (D:12)
  17 orc zombies (D:12)
  A quokka skeleton (D:4)
  8 rats
  2 bushes (Lair:6)
  4 fungi
  2 starspawn tentacles (Abyss:2)
1018 creatures vanquished.

Vanquished Creatures (collateral kills)
  Nikola (Snake:3)
  A nagaraja (Snake:4)
  Louise (Snake:3)
  A great orb of eyes (Vaults:1)
  2 hydras (Lair:5)
  6 naga warriors
  A death knight (D:12)
  3 anacondas
  A two-headed ogre (D:11)
  2 death yaks (Lair:4)
  2 shock serpents
  3 naga sharpshooters
  A wizard (Vaults:1)
  A deep troll (Vaults:1)
  4 naga ritualists
  A sea snake (Lair:6)
  A deep elf archer (Vaults:1)
  An orc knight (Orc:2)
  An orc sorcerer (Orc:2)
  3 mana vipers (Snake:1)
  A faun (Shoals:1)
  A wolf spider (Vaults:1)
  2 salamanders
  9 elephants
  A naga mage (Snake:1)
  2 guardian serpents
  9 black mambas
  An orange demon (Abyss:2)
  3 rime drakes
  3 spiny frogs
  A komodo dragon (Lair:3)
  2 hornets (Lair:6)
  5 polar bears
  2 trolls
  3 slime creatures
  A raiju (Abyss:3)
  3 blink frogs
  A hippogriff (D:12)
  7 yaks
  2 basilisks
  2 wyverns
  A neqoxec (Abyss:3)
  A warg (Orc:2)
  16 nagas
  3 water moccasins (Lair:6)
  A porcupine (Lair:2)
  3 ice beasts (IceCv)
  4 orc warriors
  An ogre (Orc:1)
  2 wolves (Lair:4)
  A crocodile (Lair:2)
  A bullfrog (Lair:3)
  2 electric eels
  A crimson imp (D:12)
  A human simulacrum (Vaults:1)
  A bullfrog zombie (D:12)
  3 orc priests
  A bullfrog skeleton (D:12)
  An iron imp (Abyss:3)
  2 orc wizards
  An ogre zombie (D:12)
  3 white imps (Lair:3)
  3 orcs
  A hobgoblin skeleton (D:12)
  2 fungi (Orc:2)
  2 plants
156 creatures vanquished.

Vanquished Creatures (others)
  A blizzard demon (Abyss:2)
  A deep elf mage (Elf:1)
  A black mamba (Snake:3)
  A yaktaur (Vaults:1)
  A small abomination (Abyss:3)
  A slave (D:8)
  An orc warrior (Orc:2)
  7 centaurs
  3 wights (D:8)
  An orc (D:11)
  A bush (D:12)
  21 fungi
  17 plants
  2 starspawn tentacles (Abyss:2)
59 creatures vanquished.

Grand Total: 1233 creatures vanquished

Notes
Turn   | Place    | Note
-------+----------+-------------------------------------------
     0 | D:1      | mortelune the Deep Dwarf Earth Elementalist began the quest for the Orb.
     0 | D:1      | Reached XP level 1. HP: 15/15 MP: 3/3
   194 | D:1      | Reached XP level 2. HP: 24/24 MP: 0/4
   787 | D:1      | Reached skill level 1 in Fighting
   925 | D:1      | Reached XP level 3. HP: 25/31 MP: 3/6
   930 | D:1      | Learned a level 3 spell: Stone Arrow
  1136 | D:2      | Reached skill level 5 in Earth Magic
  1506 | D:2      | Found a radiant altar of Vehumet.
  1545 | D:2      | Found a hide-covered altar of Uskayaw.
  1764 | D:2      | Noticed Terence
  2194 | D:2      | Found a snail-covered altar of Cheibriados.
  2199 | D:2      | Found a white marble altar of Elyvilon.
  2445 | D:3      | Noticed Robin
  2448 | D:2      | Reached XP level 4. HP: 13/38 MP: 5/7
  2786 | D:3      | Noticed Grinder
  2788 | D:3      | Paralysed by Grinder for 4 turns
  2796 | D:3      | Paralysed by Grinder for 6 turns
  2806 | D:3      | Killed Grinder
  2806 | D:3      | Reached skill level 1 in Conjurations
  2806 | D:3      | Reached skill level 6 in Earth Magic
  2806 | D:3      | Reached XP level 5. HP: 35/45 MP: 7/9
  2875 | D:3      | Learned a level 5 spell: Lee's Rapid Deconstruction
  3112 | D:3      | Reached XP level 6. HP: 41/52 MP: 5/10
  3855 | D:3      | Learned a level 1 spell: Animate Skeleton
  4066 | D:4      | Reached skill level 7 in Earth Magic
  4262 | D:4      | Found an opulent altar of Gozag.
  4379 | D:4      | Reached XP level 7. HP: 19/61 MP: 10/11
  4570 | D:4      | Got an ebony dagger {pain}
  5006 | D:4      | Reached skill level 8 in Earth Magic
  5323 | D:5      | Entered Level 5 of the Dungeon
  5994 | D:5      | Found a staircase to the Ecumenical Temple.
  6015 | Temple   | Entered the Ecumenical Temple
  6030 | Temple   | Became a worshipper of Makhleb the Destroyer
  6217 | D:5      | Found an ornate altar of the Wu Jian Council.
  6516 | D:5      | Reached skill level 1 in Invocations
  6516 | D:5      | Reached XP level 8. HP: 26/69 MP: 9/12
  7047 | D:6      | Reached skill level 9 in Earth Magic
  7797 | D:6      | Reached skill level 10 in Earth Magic
  8278 | D:6      | Identified the +5 dagger "Mawyant" {pain, rC+} (You took it off an orc on level 4 of the Dungeon)
  8651 | D:2      | Killed Terence
  8765 | D:4      | Found an opulent altar of Gozag.
  9321 | D:7      | Reached * piety under Makhleb
  9321 | D:7      | Gained mutation: You passively map the area around you. [Deep Dwarf growth]
  9321 | D:7      | Reached XP level 9. HP: 23/79 MP: 15/15
  9400 | D:7      | Reached skill level 1 in Necromancy
  9650 | D:7      | Learned a level 3 spell: Vampiric Draining
  9689 | D:7      | Found a bloodstained altar of Trog.
 10193 | D:8      | Noticed Erica
 10220 | D:7      | Gained mutation: You are occasionally teleported next to monsters. [mutagenic glow]
 10243 | D:6      | Gained mutation: You occasionally shout uncontrollably at your foes. [mutagenic glow]
 10279 | D:6      | Gained mutation: You are sometimes teleported next to monsters. [mutagenic glow]
 10301 | D:6      | Lost mutation: You occasionally shout uncontrollably at your foes. [potion of mutation]
 10301 | D:6      | Lost mutation: You are sometimes teleported next to monsters. [potion of mutation]
 10301 | D:6      | Lost mutation: You are occasionally teleported next to monsters. [potion of mutation]
 10301 | D:6      | Gained mutation: You are clumsy. (Dex -2) [potion of mutation]
 10301 | D:6      | Lost mutation: You are clumsy. (Dex -2) [potion of mutation]
 10301 | D:6      | Gained mutation: You have a pair of small horns on your head. [potion of mutation]
 10320 | D:8      | Found a stormy altar of Qazlal.
 10380 | D:8      | Reached skill level 5 in Spellcasting
 10400 | D:8      | Reached skill level 5 in Fighting
 10400 | D:8      | Reached skill level 5 in Invocations
 10473 | D:8      | Found a shimmering altar of Xom.
 10717 | D:8      | Found a staircase to the Lair.
 10752 | D:8      | Killed Erica
 10752 | D:8      | Reached skill level 11 in Earth Magic
 11042 | D:8      | Found a hazy altar of Hepliaklqana.
 11053 | D:8      | Learned a level 5 spell: Borgnjor's Vile Clutch
 11056 | D:8      | Noticed Pikel
 11079 | D:8      | Killed Pikel
 11079 | D:8      | Reached XP level 10. HP: 36/88 MP: 0/17
 11351 | D:8      | Noticed Prince Ribbit
 11363 | D:8      | Killed Prince Ribbit
 11942 | D:9      | Reached ** piety under Makhleb
 12261 | D:9      | Found a deep blue altar of Sif Muna.
 12467 | D:9      | Noticed Eustachio
 12523 | D:8      | Reached skill level 5 in Dodging
 12595 | D:8      | HP: 3/91 [yak (7)]
 12912 | D:9      | Found a radiant altar of Vehumet.
 13055 | D:9      | Killed Eustachio
 13295 | D:9      | Reached skill level 5 in Necromancy
 13943 | D:9      | Reached skill level 12 in Earth Magic
 14078 | D:9      | Found a basalt altar of Yredelemnul.
 14106 | D:9      | Reached *** piety under Makhleb
 14228 | D:10     | Entered Level 10 of the Dungeon
 14251 | D:10     | Reached XP level 11. HP: 99/99 MP: 7/19
 14253 | D:10     | Noticed Harold
 14417 | Lair:1   | Entered Level 1 of the Lair of Beasts
 14698 | Lair:1   | Noticed Gastronok
 14781 | Lair:1   | Killed Gastronok
 15812 | Lair:2   | Learned a level 4 spell: Animate Dead
 16224 | Lair:2   | Reached skill level 13 in Earth Magic
 16420 | Lair:2   | Found a staircase to the Snake Pit.
 16550 | Lair:2   | Noticed a five-headed hydra
 16555 | Lair:2   | Killed a five-headed hydra
 16670 | Lair:2   | Reached XP level 12. HP: 109/109 MP: 7/21
 17407 | Lair:3   | Found a frozen archway.
 17419 | Lair:3   | Reached **** piety under Makhleb
 17529 | IceCv    | Entered an ice cave
 17589 | IceCv    | Reached skill level 10 in Invocations
 18291 | Lair:3   | Found a staircase to the Shoals.
 18787 | Lair:3   | You fall through a shaft for 3 floors!
 18787 | Lair:6   | Entered Level 6 of the Lair of Beasts
 18864 | Lair:5   | Noticed a seven-headed hydra
 18869 | Lair:5   | Killed a seven-headed hydra
 18931 | Lair:5   | Found a viscous altar of Jiyva.
 18931 | Lair:5   | Found a staircase to the Slime Pits.
 19212 | Lair:5   | Noticed a catoblepas
 19227 | Lair:5   | Noticed a death yak
 19235 | Lair:5   | Noticed a death yak
 19242 | Lair:5   | Noticed a death yak
 19254 | Lair:5   | Killed a death yak
 19254 | Lair:5   | Reached skill level 1 in Axes
 19346 | Lair:4   | Reached skill level 1 in Armour
 19355 | Lair:4   | Noticed a death yak
 19356 | Lair:4   | Noticed a death yak
 20145 | Lair:4   | Killed a death yak
 20152 | Lair:4   | Killed a death yak
 20276 | Lair:4   | Got a brightly glowing falchion
 20277 | Lair:4   | Identified the cursed +0 falchion "Joaxig" {flame, rPois rF++ Str+4 Dex-5} (You found it on level 4 of the Lair of Beasts)
 20429 | Lair:4   | Noticed a death yak
 20431 | Lair:4   | Noticed a death yak
 20435 | Lair:4   | Reached skill level 14 in Earth Magic
 20449 | Lair:4   | Killed a death yak
 20449 | Lair:4   | Reached skill level 1 in Shields
 20449 | Lair:4   | Reached XP level 13. HP: 99/118 MP: 4/23
 20637 | Lair:4   | Found an ornate altar of the Wu Jian Council.
 21101 | Lair:2   | Got a fine scale mail
 21112 | Lair:2   | Identified the cursed +1 scale mail of Life {SInv} (You found it on level 2 of the Lair of Beasts)
 22837 | Lair:6   | Got a shimmering flail
 22838 | Lair:6   | Identified the cursed +2 flail "Dytsa" {antimagic, rElec rPois rC- Dex+3} (You found it on level 6 of the Lair of Beasts)
 23543 | Lair:6   | Reached skill level 5 in Shields
 24609 | D:10     | Gained mutation: You resist negative energy. (rN+) [Deep Dwarf growth]
 24609 | D:10     | Reached XP level 14. HP: 129/129 MP: 0/24
 24975 | D:10     | Killed Harold
 24975 | D:10     | Reached ***** piety under Makhleb
 26409 | D:11     | Reached skill level 10 in Dodging
 26759 | D:11     | Reached skill level 5 in Armour
 27455 | D:11     | Reached skill level 5 in Conjurations
 28947 | D:12     | Reached skill level 15 in Earth Magic
 29412 | D:12     | Found a staircase to the Orcish Mines.
 29432 | D:12     | Reached skill level 10 in Necromancy
 29661 | D:12     | Identified a scroll of acquirement
 29662 | D:12     | Found the +0 pair of fencer's gloves {+Riposte Dex+3}
 30638 | D:13     | Got a shimmering battleaxe
 30644 | D:13     | Identified the +6 battleaxe of Moagiv {flame, rF+ rC- Str+2 Dex+2} (You found it on level 13 of the Dungeon)
 30680 | D:13     | Reached ****** piety under Makhleb
 30856 | D:13     | Learned a level 4 spell: Passage of Golubria
 30954 | D:13     | Found a gate to the Vaults.
 31757 | D:14     | Reached XP level 15. HP: 97/138 MP: 26/26
 32593 | Orc:1    | Entered Level 1 of the Orcish Mines
 32978 | Orc:1    | Found Aphad's Jewellery Shoppe.
 33342 | Orc:2    | Entered Level 2 of the Orcish Mines
 33531 | Orc:2    | Noticed an orc warlord
 34052 | Orc:1    | Reached skill level 5 in Axes
 34638 | Orc:2    | Found a roughly hewn altar of Beogh.
 34641 | Orc:2    | Reached skill level 10 in Fighting
 34654 | Orc:2    | Found Tosiceur's Antique Armour Shoppe.
 34718 | Orc:2    | Bought a pair of bloodstained boots for 247 gold pieces
 34730 | Orc:2    | Identified the cursed -6 pair of boots "Reot" {rF+ Str+3 Slay+3} (You bought it in a shop on level 2 of the Orcish Mines)
 35071 | Orc:2    | Found Fuacrau's Book Shoppe.
 35178 | Orc:2    | Bought a book of Power for 630 gold pieces
 35185 | Orc:2    | Learned a level 6 spell: Iron Shot
 35197 | Orc:2    | Found a staircase to the Elven Halls.
 35238 | Orc:2    | Found Paeqacha's General Store.
 35406 | Orc:2    | Found Leistyts's Antique Weapon Emporium.
 35445 | Orc:2    | Killed an orc warlord
 35813 | Orc:1    | Bought the ring "Kuddi" {rElec MP+9} for 476 gold pieces
 36019 | Snake:1  | Entered Level 1 of the Snake Pit
 36524 | Snake:1  | Reached skill level 16 in Earth Magic
 36865 | Snake:1  | Noticed Roxanne
 36954 | Snake:1  | Killed Roxanne
 37097 | Snake:1  | Identified Roxanne's Disquisition on Transformation (You took it off Roxanne on level 1 of the Snake Pit)
 38153 | Orc:2    | Bought a book of Ice for 910 gold pieces
 38400 | Snake:2  | Reached XP level 16. HP: 92/147 MP: 24/24
 39960 | Snake:3  | Reached skill level 10 in Spellcasting
 40374 | Snake:3  | Noticed Nikola
 40384 | Snake:3  | Noticed Jorgrun
 40904 | Snake:3  | Killed Jorgrun
 40916 | Snake:3  | Killed Nikola
 40986 | Snake:3  | Got a jewelled chain mail
 40997 | Snake:3  | Identified the +2 chain mail of Pride {rC+} (You acquired it on level 3 of the Snake Pit)
 41059 | Snake:3  | Noticed Louise
 41084 | Snake:3  | Killed Louise
 41084 | Snake:3  | Reached skill level 17 in Earth Magic
 41243 | Snake:3  | Reached skill level 1 in Translocations
 41838 | Snake:4  | Entered Level 4 of the Snake Pit
 42651 | Snake:4  | Found a sparkling altar of Nemelex Xobeh.
 43127 | Snake:4  | Reached XP level 17. HP: 67/157 MP: 7/25
 44038 | Orc:2    | Bought a ration for 75 gold pieces
 44072 | Elf:1    | Entered Level 1 of the Elven Halls
 44084 | Elf:1    | Reached skill level 5 in Translocations
 44129 | Elf:1    | Found Metick's Food Shoppe.
 44129 | Elf:1    | Noticed Asterion
 44260 | D:15     | Entered Level 15 of the Dungeon
 44459 | D:15     | Paralysed by fainting for 9 turns
 45110 | D:15     | Found a staircase to the Depths.
 45433 | Shoals:1 | Entered Level 1 of the Shoals
 45927 | Snake:4  | Got a serpentine rune of Zot
 46568 | Vaults:1 | Entered Level 1 of the Vaults
 47156 | Vaults:1 | Reached skill level 10 in Axes
 48034 | Vaults:1 | Cast into level 2 of the Abyss (deep elf knight)
 48128 | Abyss:2  | Reached skill level 10 in Armour
 48149 | Abyss:2  | Paralysed by accursed screaming for 2 turns
 48165 | Abyss:2  | Gained mutation: You passively map a large area around you. [Deep Dwarf growth]
 48165 | Abyss:2  | Reached XP level 18. HP: 165/165 MP: 11/22
 48253 | Abyss:2  | Reached skill level 18 in Earth Magic
 48541 | Abyss:2  | Gained mutation: Scrolls take you longer to read. [a neqoxec]
 48545 | Abyss:2  | Gained mutation: You expend magic power (3 MP) to strengthen your wands. [a neqoxec]
 48580 | Vaults:1 | Escaped the Abyss
 48719 | Vaults:1 | Cast into level 3 of the Abyss (deep elf knight)
 48814 | Abyss:3  | Gained mutation: Armour fits poorly on your strangely shaped body. [a neqoxec]
 48894 | Abyss:3  | HP: 3/168 [balrug/fireball (55)]
 48974 | Abyss:3  | Gained mutation: Scrolls take you longer to read. [a neqoxec]
 49061 | Abyss:3  | HP: 7/168 [smoke demon/divine providence (9)]
 49063 | Abyss:3  | Mangled by an Executioner

Vault maps used:
D:1:      dpeg_arrival_shelter
D:2:      eat_drink_and_be_merry_uskayaw, nicolae_overflow_hidden_temple,
          uniq_terence, uniq_crazy_yiuf_cottage
D:3:      uniq_grinder, uniq_robin
D:4:      nicolae_gozag_cash_rules_everything_around_me, first_ration
D:5:      kennysheep_mini_moat, minmay_temple_entry_trees
D:7:      lemuel_round_altar
D:8:      kennysheep_mini, grunt_qazlal_sundering, lemuel_doored_altar,
          minmay_lair_entry_lava, uniq_pikel, uniq_prince_ribbit1, uniq_erica
D:9:      lemuel_mausoleum_altar_yredelemnul, tgw_sif, basic_altar,
          hangedman_little_slice_of_home, sword_in_stone
D:10:     kennysheep_cluttered_room, uniq_harold
D:11:     kennysheep_generic_room_11
D:12:     zombieorc2_lemuel, serial_undead, serial_undead_e, serial_undead_d,
          serial_undead_d, serial_undead_d, grunt_ministairs_9,
          kb_lookout_dungeons_type, minivault_22
D:13:     david_vaults_1, st_stairs_3
D:14:     minmay_misc_feat_roman
D:15:     grunt_enter_depths_hoard, serial_park_square3, minmay_misc_feat_iff
Temple:   eino_temple_lava
Lair:1:   uniq_gastronok
Lair:2:   minmay_snake_entry_spellcaster, grunt_megastairs_3
Lair:3:   minmay_shoals_entry_beasts, portal_ice_cave_entry_imps,
          grunt_megastairs_1, minmay_lair_oklob_chamber, lemuel_fruit_tree,
          serial_bayou_shore_a
Lair:4:   nicolae_lair_grove_arrangements, minivault_27, lemuel_centaur_altar,
          infiniplex_staircase_pool, lemuel_fruit_fields
Lair:5:   beast_lair_carwin_large_2, dpeg_slime_entry_enclosed_altar,
          nicolae_quartered_pool_super, grunt_megastairs_4, serial_bayou_shore_b
Lair:6:   gammafunk_lair_ancient_temple, serial_bayou_ford_a
Shoals:1: serial_shops, nicolae_shop_behind_doors, nicolae_shop_stone,
          nicolae_shop_temple_entry_statues_fountains, shop, shop_fountains
Snake:1:  nicolae_snake_nest, nicolae_snake_round_shape_thing, spider_trap,
          hangedman_snake_pattern, uniq_roxanne
Snake:2:  serial_bayou_shore_b
Snake:3:  uniq_nikola, uniq_jorgrun, uniq_bai_suzhen, uniq_louise
Snake:4:  minmay_snake_end_coiled, basic_altar
Orc:1:    serial_shops, nicolae_shop_crystal
Orc:2:    grunt_orc_gardens, grunt_orc_garden, grunt_orc_garden,
          grunt_orc_garden, grunt_orc_garden, basic_altar
Elf:1:    eino_elf_arrival_sip, serial_shops, shop, nicolae_shop_crystal, shop,
          hangedman_elven_crosses_minicolossus, uniq_kirke, uniq_asterion
Vaults:1: hangedman_vaults_pinch, v_misc_29, nicolae_vaults_border_crossing,
          vaults_mumra_minichess, vaults_dpeg_hooks, v_rooms_2,
          nicolae_vaults_circle_grid_a, hangedman_vaults_stream,
          ontoclasm_vaults_gallery, nicolae_vaults_little_squares_4,
          ontoclasm_vaults_hangar, ontoclasm_vaults_gateway
Abyss:3:  grunt_abyss_rune_wretched_hive, evilmike_abyss_exit_11
IceCv:    ice_cave_statue_garden_chambered

Skill      XL: |  1  2  3  4  5  6  7  8  9 10 11 12 13 14 15 16 17 18 |
---------------+-------------------------------------------------------+-----
Spellcasting   | 2 3 4 5 6 7 8 9 10 11 | 11.1
Fighting       | 1 2 3 4 5 6 7 8 9 10 11 | 11.8
Earth Magic    | 5 6 7 8 10 11 12 13 14 15 16 17 18 | 18.2
Conjurations   | 1 2 3 4 5 7 8 9 |  9.9
Invocations    | 1 4 6 7 9 10 | 10.2
Necromancy     | 3 5 7 8 9 10 | 10.6
Dodging        | 4 5 7 8 9 10 11 | 11.0
Axes           | 2 3 7 9 10 | 10.7
Armour         | 2 4 6 7 8 10 | 10.4
Shields        | 1 5 7 |  7.7
Translocations | 4 8 9 |  9.1
Stealth        | |  2.4
Transmutations | |  0.8

Action                   |  1- 3 |  4- 6 |  7- 9 | 10-12 | 13-15 | 16-18 || total
-------------------------+-------+-------+-------+-------+-------+-------++-------
Melee: Club              |    13 |       |       |       |       |       ||    13
       Halberd           |       |     7 |       |       |       |       ||     7
       Battleaxe         |       |       |       |    41 |   174 |   670 ||   885
       Headbutt          |       |       |       |    19 |    95 |   201 ||   315
       Triple sword      |       |       |       |     1 |       |       ||     1
       Executioner's axe |       |       |       |    49 |       |       ||    49
       Flail             |       |       |       |       |    33 |       ||    33
       Staff             |       |       |       |       |    59 |       ||    59
Throw: Stone             |       |       |       |       |       |     3 ||     3
 Cast: Sandblast         |    65 |    22 |    85 |   208 |   419 |    26 ||   825
       Stone Arrow       |     7 |    22 |    27 |    29 |   202 |    35 ||   322
       Lee's Rapid Decon |       |     4 |    52 |    98 |   144 |    57 ||   355
       Animate Skeleton  |       |     1 |     2 |     2 |       |       ||     5
       Vampiric Draining |       |       |     8 |    33 |    86 |   177 ||   304
       Borgnjor's Vile C |       |       |       |     6 |     5 |     8 ||    19
       Animate Dead      |       |       |       |    27 |    90 |    34 ||   151
       Iron Shot         |       |       |       |       |       |    89 ||    89
Invok: Lesser Servant of |       |       |       |    12 |    10 |    17 ||    39
       Greater Servant o |       |       |       |       |       |     2 ||     2
 Abil: Heal Wounds       |       |     2 |     2 |     8 |     8 |    38 ||    58
Evoke: Wand              |       |       |       |       |     5 |     2 ||     7
  Use: Scroll            |     1 |     1 |     6 |    14 |    17 |    11 ||    50
       Potion            |     1 |       |     4 |     1 |     7 |    10 ||    23
 Stab: Distracted        |       |       |       |       |     2 |     4 ||     6
       Sleeping          |       |       |       |       |     1 |     1 ||     2
       Invisible         |       |       |       |       |       |     2 ||     2
  Eat: Chunk             |     4 |     7 |    24 |    24 |    29 |    17 ||   105
       Ration            |     1 |     1 |     5 |    12 |    22 |    18 ||    59
Armor: Robe              |    10 |     2 |     5 |    27 |       |       ||    44
       Ring mail         |       |       |       |    35 |   232 |   104 ||   371
       Ice dragon scales |       |       |       |       |       |   326 ||   326
Dodge: Dodged            |    35 |    19 |    24 |   213 |   603 |   884 ||  1778
Block: Other             |       |       |     6 |    32 |   129 |   255 ||   422
       Shield            |       |       |       |     5 |   295 |       ||   300
       Reflection        |       |       |       |       |    41 |    27 ||    68
       Rpst.: Triple sword |       |       |       |     4 |       |       ||     4
       Battleaxe         |       |       |       |       |    90 |   161 ||   251
       Flail             |       |       |       |       |     2 |       ||     2

Table legend:
 A = Spawn XP
 B = Non-spawn XP
 C = Spawn XP percentage of total XP
 D = Spawn monster count
 E = Non-spawn monster count
 F = Spawn count percentage of total count
 G = Total turns spent on level
                    A         B        C        D         E        F      G
               +---------+---------+-------+---------+---------+-------+---------
         Total |   20904 |  301551 |   6.5 |      43 |    1130 |   3.7 | 49063
               +---------+---------+-------+---------+---------+-------+---------
           D:1 |       0 |      41 |   0.0 |       0 |      20 |   0.0 |  1180
           D:2 |       0 |      94 |   0.0 |       0 |      25 |   0.0 |  1461
           D:3 |       0 |     375 |   0.0 |       0 |      21 |   0.0 |  1546
           D:4 |       0 |     565 |   0.0 |       0 |      21 |   0.0 |  1823
           D:5 |       0 |     480 |   0.0 |       0 |      14 |   0.0 |  1714
           D:6 |       0 |    1173 |   0.0 |       0 |      24 |   0.0 |  1628
           D:7 |       0 |     889 |   0.0 |       0 |      21 |   0.0 |   927
           D:8 |       0 |    3517 |   0.0 |       0 |      33 |   0.0 |  2040
           D:9 |       0 |    3307 |   0.0 |       0 |      46 |   0.0 |  2402
          D:10 |       0 |    6695 |   0.0 |       0 |      33 |   0.0 |  1143
          D:11 |       0 |    9224 |   0.0 |       0 |      54 |   0.0 |  2202
          D:12 |       0 |    9986 |   0.0 |       0 |      84 |   0.0 |  2915
          D:13 |       0 |   15134 |   0.0 |       0 |      50 |   0.0 |  1331
          D:14 |       0 |    7228 |   0.0 |       0 |      35 |   0.0 |   840
          D:15 |       0 |   12815 |   0.0 |       0 |      32 |   0.0 |   992
        Lair:1 |       0 |    5848 |   0.0 |       0 |      18 |   0.0 |  1594
        Lair:2 |       0 |    5750 |   0.0 |       0 |      21 |   0.0 |  1590
        Lair:3 |       0 |    6969 |   0.0 |       0 |      35 |   0.0 |  1899
        Lair:4 |       0 |    8988 |   0.0 |       0 |      29 |   0.0 |  1505
        Lair:5 |       0 |    6855 |   0.0 |       0 |      23 |   0.0 |  1684
        Lair:6 |       0 |   14719 |   0.0 |       0 |      51 |   0.0 |  1777
      Shoals:1 |       0 |    2552 |   0.0 |       0 |       6 |   0.0 |   169
       Snake:1 |       0 |   28423 |   0.0 |       0 |      51 |   0.0 |  2330
       Snake:2 |       0 |   15103 |   0.0 |       0 |      30 |   0.0 |  1243
       Snake:3 |       0 |   23752 |   0.0 |       0 |      37 |   0.0 |  2148
       Snake:4 |       0 |   34663 |   0.0 |       0 |      71 |   0.0 |  2274
         Orc:1 |       0 |    7375 |   0.0 |       0 |      54 |   0.0 |  2177
         Orc:2 |       0 |    9123 |   0.0 |       0 |      50 |   0.0 |  1339
         Elf:1 |       0 |    1664 |   0.0 |       0 |       3 |   0.0 |    81
      Vaults:1 |       0 |   43067 |   0.0 |       0 |      80 |   0.0 |  1605
       Abyss:2 |   10707 |    9867 |  52.0 |      22 |      41 |  34.9 |   546
       Abyss:3 |   10197 |    2323 |  81.4 |      21 |       6 |  77.8 |   344
         IceCv |       0 |    2987 |   0.0 |       0 |      11 |   0.0 |   585
               +---------+---------+-------+---------+---------+-------+---------
